 Dungeon Crawl Stone Soup version 0.32-a0-876-gcfddb08e57 (webtiles) character file.

Game seed: 13671988748327912608

19 rvierbuc the Poker (level 2, -1/23 HPs)
             Began as a Demonspawn Gladiator on Apr 1, 2024.
             Frozen to death by an endoplasm (3 damage)
             ... on level 2 of the Dungeon.
             The game lasted 00:03:08 (855 turns).

rvierbuc the Poker (Demonspawn Gladiator)            Turns: 855, Time: 00:03:10

Health: -1/23      AC:  8    Str: 14    XL:     2   Next: 55%
Magic:  2/2        EV:  4    Int:  8    God:
Gold:   25         SH:  0    Dex: 14    Spells: 1/1 levels left

rFire   . . .        a - +0 trident
rCold   . . .        (no shield)
rNeg    . . .        i - +0 scale mail
rPois   .            c - +0 helmet
rElec   .            (no cloak)
rCorr   .            l - +0 pair of gloves
SInv    .            (no boots)
Will    .....        (no amulet) Stlth
                     (no ring)
HPRegen 0.23/turn    (no ring)
MPRegen 0.08/turn

%: no passive effects
@: held
A: spiny 1
a: no special abilities


You were on level 2 of the Dungeon.
You visited 1 branch of the dungeon, and saw 2 of its levels.

You collected 25 gold pieces.

Inventory:

Hand Weapons
 a - a +0 trident (weapon)
Missiles
 d - 3 throwing nets (quivered)
 e - a javelin
Armour
 b - a +0 leather armour
 c - a +0 helmet (worn)
 i - a +0 scale mail (worn)
 l - a +0 pair of gloves (worn)
Talismans
 k - a flux talisman
Scrolls
 f - a scroll of poison {unknown}
 g - 2 scrolls of blinking {unknown}
 j - a scroll of torment {unknown}
 m - a scroll of identify {unknown}
Potions
 h - a potion of mutation {unknown}


   Skills:
 + Level 2.3 Fighting
 + Level 2.9 Polearms
 + Level 2.1 Throwing
 + Level 2.9 Dodging


You had one spell level left.
You didn't know any spells.
Your spell library was empty.

Dungeon Overview and Level Annotations

Branches:
Dungeon (2/15)

Altars:

Shops:
D:1 =


Innate Abilities, Weirdness & Mutations

You are partially covered in sharp spines.


Message History

The stream of webbing misses you.
You puncture the ribbon worm!
The ribbon worm is moderately wounded.
The ribbon worm is struck by your spines.
The ribbon worm bites you.
You barely miss the ribbon worm.
The ribbon worm is heavily wounded.
You completely miss the ribbon worm.
The ribbon worm is heavily wounded.
The ribbon worm bites you!
The endoplasm jiggles.
You hit the ribbon worm.
The ribbon worm is heavily wounded.
The endoplasm freezes you.
You are frozen.
The ribbon worm is struck by your spines.
The ribbon worm barely misses you.
You puncture the ribbon worm!
The ribbon worm is almost dead.
The endoplasm freezes you.
You are frozen.
The ribbon worm bites you.
* * * LOW HITPOINT WARNING * * *
You hit the ribbon worm.
The ribbon worm is almost dead.
The endoplasm freezes you.
You are frozen.
* * * LOW HITPOINT WARNING * * *
The ribbon worm is struck by your spines.
The ribbon worm barely misses you. The endoplasm freezes you.
You are frozen.
* * * LOW HITPOINT WARNING * * *
You hit the ribbon worm but do no damage.
The ribbon worm is almost dead.
The ribbon worm expels a string of sticky webbing.
The stream of webbing hits you but does no damage.
You are caught in a web!
The endoplasm freezes you.
You are frozen.
You die...

#..#
####..#
#.....#
#.....#
#.....#
#<....#
#.....#
#.....#
#...@.#
#...Jw.#
#......#
#......#
####....
#.....
#......
#.....$.


You could see a ribbon worm (catching breath) and an endoplasm.

Vanquished Creatures
  5 bats (D:1)
  3 endoplasms (D:1)
  2 giant cockroaches (D:1)
  2 goblins (D:1)
  2 kobolds (D:1)
  A ball python (D:1)
  A frilled lizard (D:1)
  4 rats (D:1)
20 creatures vanquished.

Notes
Turn   | Place    | Note
-------+----------+-------------------------------------------
     0 | D:1      | rvierbuc the Demonspawn Gladiator began the quest for the
                  | Orb.
     0 | D:1      | Reached XP level 1. HP: 16/16 MP: 1/1
   437 | D:1      | Gained mutation: You are partially covered in sharp spines.
                  | [demonic ancestry]
   437 | D:1      | Reached XP level 2. HP: 22/22 MP: 2/2
   475 | D:1      | Found Rum Qade's Jewellery Boutique.
   855 | D:2      | Frozen to death by an endoplasm

Illustrated notes

Levels and vault maps discovered:
D:1:      matt_arrival_debris, layout_basic, serial_shops,
          nicolae_shop_back_alley_shop, chequers_garden
D:2:      layout_rooms, chequers_serial_rivers_micro_e,
          kennysheep_generic_room_10

Skill      XL: |  1 |
---------------+----+-----
Throwing       | 2 |  2.1
Fighting       | |  2.3
Polearms       | |  2.9
Dodging        | |  2.9

Action                     || total
---------------------------++-------
  Melee: Trident           ||    52
 Armour: Leather armour    ||    10
         Scale mail        ||    12
  Dodge: Dodged            ||    25

Table legend: (Time is in decaauts)
 A = Elapsed time spent in this place.
 B = Non-inter-level travel time spent in this place.
 C = Inter-level travel time spent in this place.
 D = Time resting spent in this place.
 E = Time spent auto-exploring this place.
 F = Levels seen in this place.
 G = Mean time per level.
                   A        B        C        D        E       F      G
               +--------+--------+--------+--------+--------+-----+--------+
         Total |    863 |    820 |     43 |      0 |    665 |   2 |  431.5 |
       Dungeon |    863 |    820 |     43 |      0 |    665 |   2 |  431.5 |
               +--------+--------+--------+--------+--------+-----+--------+

Top non-repeatable levels by time:
     D:1: 851 daAuts
     D:2: 11 daAuts
